[Event "24th Bosnjaci Open 2019"]
[Site "Bosnjaci"]
[Date "2019.01.07"]
[Round "7.23"]
[White "Mikic, Ivana"]
[Black "Bekcic, Martin"]
[Result "1-0"]
[ECO "B53"]
[WhiteElo "1739"]
[BlackElo "1898"]
[Annotator "NA RC"]
[PlyCount "155"]
[EventDate "2019.01.03"]
[EventType "swiss"]
[EventCountry "CRO"]
[SourceTitle "playchess.com"]
[Source "ChessBase"]
[SourceQuality "1"]
[TimeControl "5400+30"]

1. e4 c5 2. Nf3 d6 3. d4 cxd4 4. Qxd4 Nc6 5. Bb5 {[%emt 0:00:00] LiveBook: 2712 Games} Bd7 6. Bxc6 Bxc6 7. c4 Qc7 {[%emt 0:01:30] B53: Sicilian: 2...d6: Lines with Qxd4} (7... Nf6 8. Nc3 g6 9. O-O Bg7 10. Qd3 O-O 11. Nd4 Ng4 12. b3 Qb6 13. Nxc6 bxc6 14. Bb2 Qa5 15. h3 Ne5 16. Qe2 Rab8 17. f4 Nd7 18. Rf3 Nc5 19. Kh1 {1-0 (60) Kamsky,G (2744)-Gareyev,T (2658) Rockville 2012}) 8. Nc3 e6 9. Be3 $146 ({Predecessor:} 9. O-O Nf6 10. Re1 Be7 11. Nd5 Bxd5 12. cxd5 exd5 13. exd5 O-O 14. Bg5 Rfe8 15. Rac1 {½-½ (48) Rodriguez Perez,R (1982)-Garcia Castilla,M ICCF email 2016}) 9... Nf6 10. O-O Be7 11. Rac1 a6 12. b3 O-O 13. Qd3 (13. Nd5 $5 Qd8 14. Nxe7+ Qxe7 15. e5 $14) 13... b6 14. Nd4 Bb7 15. f3 Nd7 16. Rc2 Ne5 17. Qd2 Nc6 $2 {[%emt 0:04:30] [#]} (17... Nd7 $11 {and Black has nothing to worry.}) 18. Rb1 $2 (18. Nd5 $1 $18 Qd8 (18... exd5 19. cxd5) 19. Nxc6 Bxc6 20. Bxb6) 18... Ne5 19. Qf2 Nd7 20. Na4 Nc5 21. Nb2 Rab8 (21... Nxe4 $5 22. fxe4 Bxe4 $14) 22. b4 Nd7 23. Nb3 Ba8 24. Rbc1 Qd8 25. Nd3 Rc8 26. c5 dxc5 27. bxc5 Nxc5 28. Ndxc5 bxc5 29. Bxc5 Bxc5 30. Nxc5 Qa5 31. Qe2 Rc6 32. Nb3 Rxc2 33. Rxc2 Qb6+ 34. Qf2 Qb4 35. Qd2 Qb6+ 36. Qd4 Qb5 37. Kf2 h6 38. Rc5 Qb6 39. Ra5 Qc7 40. Rxa6 Qxh2 41. Rd6 Qh4+ 42. Kf1 Bb7 43. Qf2 Qh1+ 44. Qg1 Qh4 45. Qf2 Qe7 46. Qd4 Ra8 (46... Bd5 $5 47. Ra6 Bxb3 48. axb3 Rd8 $17) 47. Rd7 Ba6+ 48. Kg1 Qh4 49. Qf2 (49. Qc5 $11) 49... Qxf2+ 50. Kxf2 Bc4 51. Rd2 Rb8 52. Na5 Ba6 53. Nc6 Rb6 54. Ne5 f6 55. Nd7 Rb1 $11 56. Nc5 Rf1+ {[%emt 0:01:00] [#]} ({Black should try} 56... Rb6 $14) 57. Kg3 $1 Bc4 58. Rc2 Bb5 59. Nxe6 Ra1 60. Rc7 Rxa2 61. Rxg7+ Kh8 62. Rg6 Kh7 63. Rxf6 Bf1 64. Nf4 Kg7 65. Rb6 Ra5 66. Nd5 Bc4 67. Ne3 Bd3 68. Nf5+ Kh7 69. Rxh6+ Kg8 70. Kg4 Ra2 71. g3 Be2 72. Nd4 Bd1 73. Ne6 Ra3 74. Rf6 Re3 75. Rf8+ Kh7 76. Ng5+ Kg7 77. Rd8 Kg6 78. Rxd1 1-0

[Event "24th Bosnjaci Open 2019"]
[Site "Bosnjaci"]
[Date "2019.01.08"]
[Round "7.24"]
[White "Potlimbrzovic, Zdenko"]
[Black "Damjanovic, Stjepan"]
[Result "1-0"]
[ECO "D02"]
[WhiteElo "2094"]
[BlackElo "1741"]
[Annotator "NA"]
[PlyCount "75"]
[EventDate "2019.01.03"]
[EventType "swiss"]
[EventCountry "CRO"]
[TimeControl "5400+30"]

1. Nf3 d5 2. d4 Nf6 3. g3 e6 4. Bg2 b6 5. O-O Nbd7 6. b3 g6 7. Nbd2 Bg7 8. Bb2 O-O 9. c4 Bb7 10. Rc1 c5 11. e3 Rc8 12. Qc2 Qc7 13. Qb1 Qb8 14. Qa1 Rfd8 15. dxc5 Rxc5 16. b4 Rcc8 17. c5 bxc5 18. bxc5 Bc6 19. Nb3 Ne8 20. Bxg7 Nxg7 21. Nfd4 Ne5 22. f4 Nc4 23. Qc3 e5 24. Nxc6 Rxc6 25. e4 Nb6 26. Qxe5 Qxe5 27. fxe5 Nd7 28. exd5 Ra6 29. Rfe1 Rc8 30. Rc2 Nb8 31. c6 h5 32. c7 Nd7 33. d6 Rb6 34. Na5 Kf8 35. Bb7 Rxb7 36. Nxb7 g5 37. Nd8 Nf5 38. Rf2 1-0

[Event "24th Bosnjaci Open 2019"]
[Site "Bosnjaci"]
[Date "2019.01.08"]
[Round "8.7"]
[White "Beletic, Daniel"]
[Black "Ivekovic, Tihana"]
[Result "1-0"]
[ECO "A14"]
[WhiteElo "2371"]
[BlackElo "2071"]
[Annotator "RC"]
[PlyCount "37"]
[EventDate "2019.01.03"]
[EventType "swiss"]
[EventCountry "CRO"]
[SourceTitle "playchess.com"]
[Source "ChessBase"]
[SourceQuality "1"]
[TimeControl "5400+30"]

1. Nf3 d5 2. c4 e6 3. g3 Nf6 4. Bg2 Be7 5. O-O O-O 6. b3 b6 7. Nc3 Bb7 8. e3 Nbd7 9. Qe2 c5 10. Bb2 Qc7 11. Nh4 Rfe8 12. cxd5 exd5 13. d4 Ne4 14. Nf5 Bf8 15. dxc5 bxc5 16. Nxe4 dxe4 17. Nh6+ Kh8 18. Nxf7+ Kg8 19. Nh6+ 1-0

[Event "24th Bosnjaci Open 2019"]
[Site "Bosnjaci"]
[Date "2019.01.08"]
[Round "8.13"]
[White "Duda, Daniel"]
[Black "Ljikar, Zoran"]
[Result "1/2-1/2"]
[ECO "A87"]
[WhiteElo "1991"]
[BlackElo "2207"]
[Annotator "RC"]
[PlyCount "31"]
[EventDate "2019.01.03"]
[EventType "swiss"]
[EventCountry "CRO"]
[SourceTitle "playchess.com"]
[Source "ChessBase"]
[SourceQuality "1"]
[TimeControl "5400+30"]

1. d4 f5 2. g3 Nf6 3. Bg2 d6 4. Nf3 g6 5. O-O Bg7 6. b3 O-O 7. Bb2 c6 8. Nbd2 Nbd7 9. c4 Qe8 10. e4 fxe4 11. Ng5 e3 12. fxe3 e5 13. Nde4 Nxe4 14. Nxe4 Rxf1+ 15. Qxf1 Qe7 16. Rd1 1/2-1/2

[Event "24th Bosnjaci Open 2019"]
[Site "Bosnjaci"]
[Date "2019.01.08"]
[Round "8.14"]
[White "Tomas, Ante"]
[Black "Jelic, Ivan"]
[Result "1-0"]
[ECO "E01"]
[WhiteElo "2102"]
[BlackElo "1937"]
[Annotator "NA"]
[PlyCount "41"]
[EventDate "2019.01.03"]
[EventType "swiss"]
[EventCountry "CRO"]
[SourceTitle "playchess.com"]
[Source "ChessBase"]
[SourceQuality "1"]
[TimeControl "5400+30"]

1. Nf3 d5 2. d4 Nf6 3. c4 e6 4. g3 c5 5. cxd5 Nxd5 6. Bg2 cxd4 {[%emt 0:01:30] E01: Catalan: Early deviations} 7. O-O Bc5 8. Nxd4 {[%emt 0:06:30] LiveBook: 10 Games} Bxd4 $146 ({Predecessor:} 8... O-O 9. Nc3 Bb6 10. Nxd5 exd5 11. Be3 Nc6 12. Rc1 Qf6 13. Nxc6 bxc6 {½-½ (31) Buhmann,R (2594)-Sebenik,M (2543) Austria 2012}) 9. Qxd4 Qf6 ({Better is} 9... O-O $14) 10. Qxf6 Nxf6 11. Nc3 O-O 12. Bg5 Nbd7 13. Nb5 a6 14. Nd6 Rb8 15. Rac1 Nd5 $2 (15... b6 16. b4 a5) 16. Bxd5 exd5 17. Be7 {[%emt 0:00:30] Trapped Piece} Nb6 18. Bxf8 Kxf8 19. Nxc8 Nxc8 20. Rfd1 $18 Nb6 21. Rc7 1-0

[Event "24th Bosnjaci Open 2019"]
[Site "Bosnjaci"]
[Date "2019.01.08"]
[Round "8.15"]
[White "Borzan, Andrej"]
[Black "Ascic, Anto"]
[Result "1/2-1/2"]
[ECO "A50"]
[WhiteElo "1818"]
[BlackElo "2093"]
[Annotator "NA"]
[PlyCount "51"]
[EventDate "2019.01.03"]
[EventType "swiss"]
[EventCountry "CRO"]
[SourceTitle "playchess.com"]
[Source "ChessBase"]
[SourceQuality "1"]
[TimeControl "5400+30"]

1. d4 Nf6 2. c4 e6 3. Nc3 b6 4. Bg5 Bb7 5. e3 {[%emt 0:00:30] A50: Queen's Fianchetto Defence (1 d4 Nf6 2 c4 b6)} Be7 6. f3 (6. Nf3 Ne4 7. Nxe4 Bxe4 8. h4 Bxg5 9. Nxg5 Bb7 10. d5 Qe7 11. Qd2 Na6 12. Rd1 h6 13. Nf3 Nc5 14. Be2 a5 {½-½ (49) Akobian,V (2673)-Stupak,K (2564) Khanty-Mansiysk 2017}) 6... c5 $146 ({Predecessor:} 6... d5 7. Bd3 O-O 8. Qc2 Nbd7 9. Nge2 dxc4 10. Bxc4 Nd5 11. Bxd5 Bxd5 12. Bxe7 Qxe7 {1-0 (61) Kvisth,B (1752)-Paetzke,B (1279) Rostock 2016}) 7. Bd3 Nc6 8. Nge2 O-O 9. O-O d6 10. a3 Rc8 11. Qc2 h6 12. Bh4 cxd4 13. exd4 Na5 14. b3 d5 15. Qa2 Ba6 16. Nb5 Qd7 17. Rab1 Rc6 (17... dxc4 $15 18. bxc4 e5) 18. Rfc1 Rfc8 19. a4 Bb4 (19... Ra8 $11) 20. Rc2 (20. Bxf6 $1 $14 gxf6 21. Rd1) 20... Ne8 21. Be1 Bxe1 22. Rxe1 Nd6 {[%emt 0:01:30] [#]} (22... dxc4 $11 {remains equal.} 23. bxc4 Nf6) 23. Rec1 (23. c5 $1 $16 ) 23... dxc4 $11 24. bxc4 Bxb5 25. cxb5 Rxc2 26. Rxc2 1/2-1/2

[Event "24th Bosnjaci Open 2019"]
[Site "Bosnjaci"]
[Date "2019.01.08"]
[Round "8.16"]
[White "Dabic, Stjepan"]
[Black "Mikic, Ivana"]
[Result "1-0"]
[ECO "B14"]
[WhiteElo "2077"]
[BlackElo "1739"]
[Annotator "NA"]
[PlyCount "91"]
[EventDate "2019.01.03"]
[EventType "swiss"]
[EventCountry "CRO"]
[SourceTitle "playchess.com"]
[Source "ChessBase"]
[SourceQuality "1"]
[TimeControl "5400+30"]

1. d4 Nf6 2. c4 e6 3. Nc3 Bb4 4. Bd2 O-O 5. e3 d5 6. Nf3 {[%emt 0:00:00] LiveBook: 246 Games} c5 7. Bd3 dxc4 8. Bxc4 cxd4 9. exd4 b6 10. a3 Be7 11. O-O Bb7 12. Be3 Nc6 13. Qe2 Rc8 {[%emt 0:01:30] B14: Caro-Kann: Panov-Botvinnik Attack with 5...e6 and 5...g6} 14. Rfd1 (14. Bd3 Nd5 15. Rad1 Na5 16. Ne4 Nf6 17. Nc3 Nd5 18. Ne4 Nf6 19. Nxf6+ Bxf6 20. Ne5 Qd5 21. Qg4 g6 22. f3 {0-1 (35) Flores,D (2558)-Vescovi,G (2617) Linares 2008}) 14... Na5 15. Ba6 Nd5 16. Bxb7 Nxc3 $146 ({Predecessor:} 16... Nxb7 17. Nxd5 Qxd5 18. Qa6 Bd6 19. Rdc1 Bb8 20. b4 Nd6 21. Ne5 {1-0 (44) Davidenko,H (2080)-Iliopoulos,A (2045) Kallithea 2003}) 17. bxc3 Nxb7 18. c4 Na5 19. Nd2 Bf6 20. Rab1 Qe7 21. c5 $1 bxc5 22. dxc5 Bg5 23. f4 Bf6 24. Ne4 Rfd8 25. Qa6 Nc6 26. Rd6 Nb8 27. Qb7 Qxb7 28. Rxb7 a6 29. Rdb6 Nd7 30. Rxa6 Be7 31. Nd6 Rb8 32. Raa7 Rxb7 33. Rxb7 (33. Nxb7 $142 Rc8 34. Nd6) 33... Bxd6 (33... Kf8 $16 {was necessary.}) 34. cxd6 h6 35. Bd2 ({Better is} 35. Ba7 $18) 35... Nc5 36. Rb6 Rc8 37. Kf1 Ne4 38. Bb4 Nf6 39. g3 Nd5 $2 {[%emt 0:00:30] [#]} (39... Rd8 40. Rc6 Ra8) 40. Rc6 $1 Rd8 41. Ba5 Rd7 42. Bc7 Kf8 43. a4 Ke8 44. a5 f6 $18 45. a6 Nxc7 46. dxc7 1-0

[Event "24th Bosnjaci Open 2019"]
[Site "Bosnjaci"]
[Date "2019.01.08"]
[Round "8.18"]
[White "Dinic, Nenad"]
[Black "Potlimbrzovic, Zdenko"]
[Result "1/2-1/2"]
[ECO "B09"]
[WhiteElo "1881"]
[BlackElo "2094"]
[Annotator "NA"]
[PlyCount "39"]
[EventDate "2019.01.03"]
[EventType "swiss"]
[EventCountry "CRO"]
[SourceTitle "playchess.com"]
[Source "ChessBase"]
[SourceQuality "1"]
[TimeControl "5400+30"]

1. e4 d6 2. d4 Nf6 3. Nc3 g6 4. f4 Bg7 5. e5 dxe5 6. dxe5 Qxd1+ 7. Kxd1 Ng4 8. Ke1 c6 9. h3 Nh6 {[%emt 0:00:00] B09: Pirc Defence: Austrian Attack} 10. g4 (10. Nf3 Nd7 11. g4 Nb6 12. Rh2 Bd7 13. Be3 f6 14. Rd2 Nf7 15. Rad1 O-O-O 16. exf6 exf6 17. Bd4 {½-½ (103) Rogulj,B (2380)-Kristovic,M (2284) Zagreb 2016}) 10... Be6 11. Be3 Nd7 $146 ({Predecessor:} 11... f6 12. exf6 exf6 13. Rh2 Kf7 14. Rd2 Re8 15. Ne4 Bf8 16. f5 Bd5 17. Nd6+ Bxd6 18. Kf2 Rxe3 19. Kxe3 Bc5+ {0-1 (19) Gross,O-Bock,K Dortmund 1987}) 12. Bg2 ({Better is} 12. Nf3 $16) 12... Nb6 13. Rd1 f6 14. exf6 exf6 15. Nge2 f5 16. g5 Nf7 17. b3 O-O 18. Kf2 Rfd8 19. Rxd8+ Rxd8 20. Rd1 $14 1/2-1/2

[Event "24th Bosnjaci Open 2019"]
[Site "Bosnjaci"]
[Date "2019.01.08"]
[Round "8.19"]
[White "Mutapcic, Ilija"]
[Black "Caric, Mato"]
[Result "1/2-1/2"]
[ECO "B55"]
[WhiteElo "1836"]
[BlackElo "2088"]
[Annotator "NA"]
[PlyCount "39"]
[EventDate "2019.01.03"]
[EventType "swiss"]
[EventCountry "CRO"]
[SourceTitle "playchess.com"]
[Source "ChessBase"]
[SourceQuality "1"]
[TimeControl "5400+30"]

1. e4 c5 2. Nf3 d6 3. d4 cxd4 4. Nxd4 Nf6 5. f3 a6 6. c3 e5 7. Ne2 b5 8. Bg5 Qb6 9. Bxf6 gxf6 10. Ng3 Be6 11. a3 Nc6 12. Nd2 Rd8 13. b3 Be7 14. Qc2 Qe3+ 15. Be2 Rc8 16. Ndf1 Qc5 17. b4 Qb6 18. Qd2 a5 19. Ne3 Ra8 20. Nd5 1/2-1/2

[Event "24th Bosnjaci Open 2019"]
[Site "Bosnjaci"]
[Date "2019.01.08"]
[Round "8.21"]
[White "Katic, Zeljko"]
[Black "Pleh, Semir"]
[Result "0-1"]
[ECO "B33"]
[WhiteElo "2035"]
[BlackElo "1767"]
[Annotator "NA"]
[PlyCount "74"]
[EventDate "2019.01.03"]
[EventType "swiss"]
[EventCountry "CRO"]
[SourceTitle "playchess.com"]
[Source "ChessBase"]
[SourceQuality "1"]
[TimeControl "5400+30"]

1. e4 c5 2. Nf3 Nc6 3. d4 cxd4 4. Nxd4 Nf6 5. f3 a6 {[%emt 0:01:00] B33: Sicilian: Pelikan and Sveshnikov Variations} (5... d5 6. Bb5 dxe4 7. Nxc6 Qxd1+ 8. Kxd1 a6 9. Nd4+ axb5 10. Nxb5 Kd8 11. N1c3 e5 12. fxe4 Bg4+ 13. Ke1 {½-½ (54) Schuster,P (2541)-Ilyes,P (2549) ICCF email 2003}) 6. Bc4 e6 7. a3 Bc5 8. Be3 Qb6 9. c3 $146 ({Predecessor:} 9. Nxc6 Bxe3 10. Nb4 Bf2+ 11. Kf1 Bc5 12. Nd3 O-O 13. Nc3 Be7 {½-½ (23) Aakio,S (2123)-Almi,O Finland 2009}) 9... O-O 10. b4 Bxd4 11. cxd4 d5 12. e5 (12. exd5 $11 {remains equal.} exd5 13. Be2) 12... Nxe5 {[%emt 0:01:30] Pin} 13. Bb3 Ng6 14. O-O e5 (14... Bd7 $17 15. Nc3 Ne8) 15. Nc3 Be6 16. Na4 Qd6 17. dxe5 Qxe5 18. Bd4 Qg5 19. Ra2 Nh4 20. Kh1 Nf5 21. Re2 Qh6 22. Kg1 Qg5 23. Re5 Qf4 24. Bc3 $2 (24. Bb2 $1 $11 {and White is okay.}) 24... d4 25. Rxf5 Qxf5 26. Bc2 Qf4 27. Bd2 (27. Qxd4 $142 Qxd4+ 28. Bxd4) 27... Qd6 28. Nc5 b6 29. Ne4 Nxe4 30. fxe4 (30. Bxe4 $142 Rac8 31. Qb1) 30... d3 31. Bb1 Qd4+ 32. Kh1 Qxe4 33. Re1 Qg4 34. Qc1 (34. Qxg4 $142 Bxg4 35. Bxd3) 34... Bd5 35. Rg1 Qe2 36. Be3 Rac8 37. Qe1 {[%emt 0:01:30] [#]} Bxg2+ $19 0-1

[Event "24th Bosnjaci Open 2019"]
[Site "Bosnjaci"]
[Date "2019.01.08"]
[Round "8.22"]
[White "Mesic, Ismet"]
[Black "Jergovic, Andrija"]
[Result "0-1"]
[ECO "E12"]
[WhiteElo "1757"]
[BlackElo "2012"]
[Annotator "NA"]
[PlyCount "102"]
[EventDate "2019.01.03"]
[EventType "swiss"]
[EventCountry "CRO"]
[SourceTitle "playchess.com"]
[Source "ChessBase"]
[SourceQuality "1"]
[TimeControl "5400+30"]

1. d4 Nf6 2. Nf3 e6 3. c4 b6 4. Nc3 Bb7 {[%emt 0:00:30] LiveBook: 3992 Games} 5. Bg5 Be7 6. e3 O-O 7. Be2 d6 8. O-O {[%emt 0:00:30] E12: Queen's Indian: Unusual White 4th moves, 4 a3, 4 Nc3 Bb7 5 a3 and 4 Nc3 Bb7} Nbd7 9. Rc1 (9. Qc2 Rc8 10. Rad1 c5 11. d5 exd5 12. cxd5 Re8 13. e4 Ng4 14. Bf4 f6 {1-0 (30) Aloma Vidal,R (2440)-Frick,R (2062) Klaksvik 2018}) 9... c5 10. b3 Re8 $146 ({Predecessor:} 10... Rc8 11. Qc2 Rc7 12. Rfd1 Qa8 13. Nh4 h6 14. Bxf6 Bxf6 {½-½ (85) Winter,R (1523)-Strotmann,H (1599) Germany 2005}) 11. Nd2 h6 12. Bh4 Rc8 13. Bf3 Qc7 14. Bxb7 Qxb7 15. Nf3 Bf8 16. Bg3 Nh5 17. Qe2 Nxg3 18. hxg3 Nf6 19. Rfd1 Red8 20. Rc2 a6 21. dxc5 bxc5 22. e4 Nd7 23. Rcd2 f6 (23... Qc7 $11) 24. g4 Be7 25. Na4 Nf8 26. Rd3 Ng6 27. g3 Kf7 28. Nc3 Rh8 29. Nh4 Ne5 30. R3d2 Qb4 31. Na4 Qb7 32. Nc3 g5 33. Ng2 h5 34. Ne3 h4 35. f4 Nc6 36. fxg5 hxg3 37. Qf3 (37. gxf6 $11 Bxf6 38. Qf3 (38. Rxd6 Bd4 $17)) 37... Ne5 (37... Nd4 $5 38. Qxg3 fxg5 $15) 38. Qf4 $1 Qb4 {[%emt 0:16:30] [#]} 39. Ncd5 $1 exd5 40. Nxd5 Qb7 41. Nxe7 Qxe7 42. Rxd6 {[%emt 0:00:37] Double Attack} Rc6 43. Rxc6 Nxc6 44. Rd6 Nd4 45. Rxf6+ Kg7 46. Qe3 Qe5 47. Rxa6 Rh2 48. Ra7+ Kf8 49. Ra8+ Ke7 50. Ra7+ Kd8 51. Qd3 Kc8 0-1

[Event "24th Bosnjaci Open 2019"]
[Site "Bosnjaci"]
[Date "2019.01.08"]
[Round "8.23"]
[White "Podobnik, Eugen"]
[Black "Radovic, Sinisa"]
[Result "0-1"]
[ECO "B50"]
[WhiteElo "1526"]
[BlackElo "1955"]
[Annotator "NA RC"]
[PlyCount "50"]
[EventDate "2019.01.03"]
[EventType "swiss"]
[EventCountry "CRO"]
[SourceTitle "playchess.com"]
[Source "ChessBase"]
[SourceQuality "1"]
[TimeControl "5400+30"]

1. e4 c5 2. Nf3 d6 3. c3 Nf6 4. d3 g6 5. Bg5 {[%emt 0:00:30] B50: Sicilian: 2...d6, Miscellaneous} (5. g3 Bg7 6. Bg2 O-O 7. O-O Nc6 8. Re1 e5 9. a3 h6 10. b4 a6 11. Bb2 Be6 12. Nbd2 Qc7 13. Rc1 cxb4 14. cxb4 Qe7 15. d4 exd4 16. Nxd4 Nxd4 17. Bxd4 Rac8 18. e5 Rxc1 19. Qxc1 {0-1 (40) Markovic,M (2448)-Ivic,V (2456) Valjevo 2018}) 5... Bg7 6. Be2 h6 7. Bh4 Nc6 8. Nbd2 Nh5 $146 ({Predecessor:} 8... O-O 9. O-O Qb6 10. Rb1 e5 11. b4 cxb4 12. cxb4 Be6 {1-0 (35) Nicholson,J (2021)-Doell,D (2148) Les Dicqs 2002}) 9. Nb3 Nf4 10. Bg3 Nxg2+ 11. Kd2 h5 12. h4 Bh6+ 13. Kc2 Nf4 14. Bxf4 Bxf4 15. d4 cxd4 16. Nfxd4 Bd7 17. Qd3 Ne5 18. Qd1 a6 19. Nf3 Qc7 20. Ng5 $19 O-O-O 21. Nd2 Kb8 22. Ndf3 Rc8 23. Nxe5 Ba4+ 24. b3 Qxc3+ 25. Kb1 Bxe5 0-1

[Event "24th Bosnjaci Open 2019"]
[Site "Bosnjaci"]
[Date "2019.01.08"]
[Round "8.24"]
[White "Golub, Nikolina"]
[Black "Maroslavac, Ivana"]
[Result "1/2-1/2"]
[ECO "D02"]
[WhiteElo "1925"]
[BlackElo "1637"]
[Annotator "NA"]
[PlyCount "89"]
[EventDate "2019.01.03"]
[EventType "swiss"]
[EventCountry "CRO"]
[SourceTitle "playchess.com"]
[Source "ChessBase"]
[SourceQuality "1"]
[TimeControl "5400+30"]

1. d4 Nf6 2. Nf3 e6 3. Bf4 Be7 4. Nbd2 d5 5. e3 O-O 6. h3 {[%emt 0:00:30] D02: 1 d4 d5 2 Nf3 sidelines, including 2...Nf6 3 g3 and 2...Nf6 3 Bf4} b6 (6... c5 7. c3 b6 8. Bd3 Ba6 9. Bxa6 Nxa6 10. O-O Nb8 11. Qe2 Nc6 12. Rad1 cxd4 13. exd4 Nd7 14. Rfe1 Re8 15. Bg3 a6 16. a4 {1-0 (39) Alekseenko,K (2561)-Eliseev,U (2602) Loo 2016}) 7. Bd3 h6 8. O-O Nbd7 9. e4 $146 ({Predecessor:} 9. Ne5 Nxe5 10. dxe5 Nd7 11. c3 Bb7 12. Qg4 Bg5 13. Bg3 {1-0 (25) Baur,H (1865)-Baier,P (1712) Bad Neuenahr 2014}) 9... dxe4 10. Nxe4 Bb7 11. Nxf6+ Nxf6 12. c3 c5 13. dxc5 Bxc5 14. Qe2 Qe7 15. Rad1 Rfd8 16. Rd2 Bd6 17. Bxd6 Rxd6 18. Nd4 Qf8 19. Rfd1 Rad8 20. Nb5 R6d7 21. c4 (21. Bc4 $11 {remains equal.}) 21... a6 22. Nc3 Qe7 23. Qe3 Rd6 24. Bf1 Rxd2 25. Rxd2 Rxd2 26. Qxd2 Qd7 27. Qe3 Qc6 28. f3 Qc5 29. Qxc5 bxc5 30. Bd3 Kf8 31. a3 a5 32. Kf2 Ke7 33. Ke3 Bc6 $11 34. Bc2 Nd7 35. Nb1 Nb6 36. Nd2 Kd6 37. Bd3 Na4 38. Nb3 Nxb2 39. Nxa5 Nxd3 40. Nxc6 Ne1 41. Nd8 Nxg2+ 42. Kf2 Nf4 43. Nxf7+ Ke7 44. Ne5 Nxh3+ 45. Kg3 1/2-1/2

[Event "24th Bosnjaci Open 2019"]
[Site "Bosnjaci"]
[Date "2019.01.09"]
[Round "9.2"]
[White "Bobanac, Miro"]
[Black "Fercec, Nenad"]
[Result "0-1"]
[ECO "A05"]
[WhiteElo "2308"]
[BlackElo "2451"]
[Annotator "ChessBase"]
[PlyCount "84"]
[EventDate "2019.01.03"]
[EventType "swiss"]
[EventCountry "CRO"]
[SourceTitle "playchess.com"]
[Source "ChessBase"]
[SourceQuality "1"]
[TimeControl "5400+30"]

1. Nf3 Nf6 2. e3 g6 3. b4 Bg7 4. Bb2 O-O 5. Be2 d6 6. O-O e5 7. d3 Nc6 8. a3 a6 9. Nbd2 Re8 10. c4 b6 11. Qc2 h6 12. Rac1 Bd7 13. Rfd1 Qe7 14. Nb3 a5 15. Bc3 axb4 16. axb4 Ra4 17. b5 Nb4 18. Bxb4 Rxb4 19. e4 c6 20. bxc6 Bxc6 21. Qc3 Ra4 22. Ra1 Rea8 23. Rxa4 Rxa4 24. Ra1 Qa7 25. Rxa4 Qxa4 26. Nfd2 Nd7 27. g3 h5 28. Bd1 Bh6 29. Bc2 Qa3 30. Nb1 Qa2 31. N3d2 Nc5 32. Kf1 b5 33. cxb5 Bxb5 34. Kg2 Qa6 35. d4 exd4 36. Qxd4 Qa2 37. Bd1 Bd3 38. Qxd6 Bxd2 39. Nxd2 Qxd2 40. Qd8+ Kh7 41. Qe7 Bxe4+ 42. Kh3 Qxf2 0-1

[Event "24th Bosnjaci Open 2019"]
[Site "Bosnjaci"]
[Date "2019.01.09"]
[Round "9.3"]
[White "Zovko, Mario"]
[Black "Beletic, Daniel"]
[Result "1/2-1/2"]
[ECO "B07"]
[WhiteElo "2318"]
[BlackElo "2371"]
[Annotator "NA"]
[PlyCount "37"]
[EventDate "2019.01.03"]
[EventType "swiss"]
[EventCountry "CRO"]
[SourceTitle "playchess.com"]
[Source "ChessBase"]
[SourceQuality "1"]
[TimeControl "5400+30"]

1. e4 g6 2. d4 Bg7 3. c3 d6 4. Bd3 Nf6 5. Nf3 O-O 6. O-O Nbd7 7. Re1 e5 8. Nbd2 b6 9. a4 a6 {[%emt 0:01:30] LiveBook: 24 Games B07: Pirc Defence: Miscellaneous Systems} 10. b3 Re8 11. d5 Bb7 $146 ({Predecessor:} 11... Bh6 12. b4 Nh5 13. a5 Ng7 14. axb6 cxb6 15. c4 Bb7 16. Nb3 Bxc1 17. Qxc1 {1-0 (37) Oratovsky,M (2485)-Petran,P (2325) Cappelle-la-Grande 1996}) 12. Nf1 (12. Bf1 $14) 12... c6 13. c4 Nc5 14. Bc2 a5 15. Ba3 Bh6 16. Bc1 Bxc1 17. Rxc1 Kg7 18. Ng3 $1 Rc8 $11 19. h3 1/2-1/2

[Event "24th Bosnjaci Open 2019"]
[Site "Bosnjaci"]
[Date "2019.01.09"]
[Round "9.4"]
[White "Klasan, Vladimir"]
[Black "Muha, Miljenko"]
[Result "1/2-1/2"]
[ECO "C01"]
[WhiteElo "2364"]
[BlackElo "2310"]
[Annotator "NA"]
[PlyCount "45"]
[EventDate "2019.01.03"]
[EventType "swiss"]
[EventCountry "CRO"]
[SourceTitle "playchess.com"]
[Source "ChessBase"]
[SourceQuality "1"]
[TimeControl "5400+30"]

1. e4 e6 2. d4 d5 3. Bd3 dxe4 4. Bxe4 Nf6 5. Bf3 c5 6. Ne2 Nc6 {[%emt 0:01:30] C01: French: Exchange Variation} 7. c3 (7. Be3 Nd5 8. Bxd5 Qxd5 9. Nbc3 Qxg2 10. Rg1 Qf3 11. Nb5 Rb8 12. dxc5 Bd7 13. Nc7+ Kd8 14. Nb5 {0-1 (54) Kramnik,V (2808)-Caruana,F (2808) Stavanger 2017}) 7... Be7 8. O-O O-O 9. h3 $146 ({Predecessor:} 9. Re1 Bd7 10. Bg5 cxd4 11. Nxd4 {½-½ (11) Bezgodov,A (2543)-Dolmatov,S (2587) Elista 2001}) 9... cxd4 10. Nxd4 Nxd4 11. Qxd4 Qxd4 12. cxd4 Rd8 13. Rd1 Rb8 14. Nc3 b6 15. Bf4 Bd6 16. Bxd6 Rxd6 17. d5 exd5 18. Nxd5 Nxd5 19. Bxd5 Rd7 20. Bb3 Rbb7 $11 21. Rac1 Rxd1+ 22. Bxd1 Be6 23. Bb3 1/2-1/2

[Event "24th Bosnjaci Open 2019"]
[Site "Bosnjaci"]
[Date "2019.01.09"]
[Round "9.8"]
[White "Goric, Esad"]
[Black "Ivekovic, Bozidar"]
[Result "0-1"]
[ECO "A37"]
[WhiteElo "2260"]
[BlackElo "2398"]
[Annotator "NA"]
[PlyCount "66"]
[EventDate "2019.01.03"]
[EventType "swiss"]
[EventCountry "CRO"]
[SourceTitle "playchess.com"]
[Source "ChessBase"]
[SourceQuality "1"]
[TimeControl "5400+30"]

1. Nf3 c5 2. c4 Nc6 3. Nc3 g6 4. g3 Bg7 5. Bg2 e6 6. O-O Nge7 7. d3 d5 8. cxd5 exd5 9. Bf4 O-O {[%emt 0:02:00] A37: Symmetrical English vs ...g6: 4 Bg2 Bg7 5 Nf3} 10. Qc1 b6 11. Bh6 {[%emt 0:00:30] LiveBook: 12 Games} d4 12. Bxg7 Kxg7 13. Nd1 $146 ({Predecessor:} 13. Ne4 Be6 14. h4 h6 15. Ned2 Nd5 16. Nc4 Qc7 17. e4 dxe3 18. Nxe3 Nxe3 19. Qxe3 {0-1 (30) Khajrutdinov,I (2097)-Kokarev,D (2608) St Petersburg 2018}) 13... Be6 14. Qd2 Qd6 15. Ng5 Bd5 16. Ne4 Qd7 17. Qf4 f5 18. Nd2 $2 (18. Bh3) 18... Bxg2 19. Kxg2 Nd5 20. Qh4 Rae8 21. a3 Rxe2 22. Nf3 a5 23. Rc1 Rfe8 24. Kg1 h6 25. Qh3 $19 Nce7 26. Re1 Rxe1+ 27. Nxe1 Nc6 28. Qf1 Qe6 29. Nf3 Ne5 30. Nd2 g5 31. h3 f4 32. Kh2 fxg3+ 33. fxg3 Rf8 0-1